SAAA
JERSEY CITY SUN CAPS @ PURE MICHIGAN GREAT LAKERS
09/01/2022
 
TOP OF THE 1ST
Jersey City Sun Caps batting - Pitching for Pure Michigan Great Lakers : RHP Jim Unknown
Pitching: RHP Jim Unknown
Batting: RHB Roy Williams 0-0: SINGLE (Groundball, 6MD)
Batting: RHB Jonah Moody 0-0: Ball
1-0: Ball
2-0: Ball
3-0: Called Strike
3-1: Foul Ball, location: 2F
3-2: Strikes out swinging
Roy Williams is caught stealing 2nd base
Batter strikes out.
Batting: LHB Marlon Randall 0-0: Hit by Pitch
Batting: RHB Micheal Murdoch 0-0: Ball
1-0: Swinging Strike
1-1: Ball
2-1: Fielders Choice at 2nd, 6-4 (Groundball, 6)
Top of the 1st over - 0 run(s), 1 hit(s), 0 error(s), 0 left on base; Jersey City 0 - Pure Michigan 0
BOTTOM OF THE 1ST
Pure Michigan Great Lakers batting - Pitching for Jersey City Sun Caps : RHP Andrew Hayes
Pitching: RHP Andrew Hayes
Batting: RHB Paco Rodríguez 0-0: Fly out, F8 (Flyball, 8RM)
Batting: RHB Adrian Barr 0-0: TRIPLE (Flyball, 89M)
Batting: RHB Manny Hernández 0-0: Ball
1-0: Foul Ball, location: 2F
1-1: Foul Ball, location: 2F
1-2: Strikes out swinging
Batting: RHB Henry Potts 0-0: Ground out 6-3 (Groundball, 6M)
Bottom of the 1st over - 0 run(s), 1 hit(s), 0 error(s), 1 left on base; Jersey City 0 - Pure Michigan 0
TOP OF THE 2ND
Jersey City Sun Caps batting - Pitching for Pure Michigan Great Lakers : RHP Jim Unknown
Batting: RHB Eddy Baxter 0-0: Swinging Strike
0-1: SINGLE (Line Drive, 4MD)
Batting: RHB Tony Quintana 0-0: Called Strike
0-1: Foul Ball, location: 2F
Error on foul ball, E7
0-2: Fly out, F8 (Flyball, 8LD)
Batting: LHB Harlan Price 0-0: DOUBLE (Line Drive, 89D)
Eddy Baxter to third
Runner from 3rd tries for Home, SAFE, throw made home
Batting: SHB Dominique Prost 0-0: Foul Ball, location: 2F
0-1: Foul Ball, location: 2F
0-2: Ball
1-2: Foul Ball, location: 2F
1-2: Foul Ball, location: 2F
1-2: Foul Ball, location: 2F
1-2: Ball
2-2: Ball
3-2: Foul Ball, location: 2F
3-2: Base on Balls
Batting: RHB Christian O'Dell 0-0: Called Strike
0-1: Hit by Pitch
Harlan Price to third
Dominique Prost to second
Batting: RHB Roy Williams 0-0: Ball
1-0: Foul Ball, location: 2F
1-1: Foul Ball, location: 2F
1-2: Strikes out swinging
Batting: RHB Jonah Moody 0-0: Called Strike
0-1: Ball
1-1: Foul Ball, location: 2F
1-2: Ground out U3 (Groundball, 3)
Top of the 2nd over - 1 run(s), 2 hit(s), 1 error(s), 3 left on base; Jersey City 1 - Pure Michigan 0
BOTTOM OF THE 2ND
Pure Michigan Great Lakers batting - Pitching for Jersey City Sun Caps : RHP Andrew Hayes
Batting: RHB Jason Shaffer 0-0: Ball
1-0: Ball
2-0: Reached on Error, E4 (Popup, 4M)
Batting: RHB Shi-young Chang 0-0: Foul Ball, location: 2F
0-1: SINGLE (Groundball, 6MD)
Jason Shaffer to second
Batting: LHB Jesús Pérez 0-0: Hit by Pitch
Jason Shaffer to third
Shi-young Chang to second
Batting: RHB Bill McCarty 0-0: Called Strike
0-1: Called Strike
0-2: DOUBLE (Groundball, 5L)
Jason Shaffer scores
Shi-young Chang scores
Jesús Pérez to third
Batting: RHB Greg Hart 0-0: Ball
1-0: Ball
2-0: Ball
3-0: Base on Balls
Batting: RHB Paco Rodríguez 0-0: Ball
1-0: Fly out, F8 (Line Drive, 8LM)
Runner from 3rd tags up, SCORES, throw made
Batting: RHB Adrian Barr 0-0: Foul Ball, location: 2F
0-1: Fly out, F2 (Popup, 2RF)
Batting: RHB Manny Hernández 0-0: Foul Ball, location: 2F
0-1: Called Strike
0-2: Ball
1-2: Ball
2-2: Strikes out swinging
Bottom of the 2nd over - 3 run(s), 2 hit(s), 1 error(s), 2 left on base; Jersey City 1 - Pure Michigan 3
TOP OF THE 3RD
Jersey City Sun Caps batting - Pitching for Pure Michigan Great Lakers : RHP Jim Unknown
Batting: LHB Marlon Randall 0-0: Foul Ball, location: 2F
0-1: Foul Ball, location: 2F
0-2: Ball
1-2: Foul Ball, location: 2F
1-2: Ball
2-2: Ball
3-2: Foul Ball, location: 2F
3-2: Strikes out swinging
Batting: RHB Micheal Murdoch 0-0: Called Strike
0-1: Foul Ball, location: 2F
0-2: Foul Ball, location: 2F
0-2: Strikes out swinging
Batting: RHB Eddy Baxter 0-0: Ball
1-0: Swinging Strike
1-1: DOUBLE (Groundball, 5D)
Batting: RHB Tony Quintana 0-0: Swinging Strike
0-1: SINGLE (Groundball, 6MD)
Eddy Baxter to third
Runner from 3rd tries for Home, SAFE, no throw or cutoff
Batting: LHB Harlan Price 0-0: Ball
1-0: Called Strike
1-1: Foul Ball, location: 2F
1-2: Ball
Tony Quintana is caught stealing 2nd base
Top of the 3rd over - 1 run(s), 2 hit(s), 0 error(s), 0 left on base; Jersey City 2 - Pure Michigan 3
BOTTOM OF THE 3RD
Pure Michigan Great Lakers batting - Pitching for Jersey City Sun Caps : RHP Andrew Hayes
Batting: RHB Henry Potts 0-0: Called Strike
0-1: Ball
1-1: Ground out 1-3 (Groundball, 13)
Batting: RHB Jason Shaffer 0-0: Ball
1-0: Called Strike
1-1: Ground out 5-3 (Groundball, 5)
Batting: RHB Shi-young Chang 0-0: Ball
1-0: Ball
2-0: Ball
3-0: Called Strike
3-1: Called Strike
3-2: DOUBLE (Line Drive, 7LS)
Batting: LHB Jesús Pérez 0-0: SINGLE (Groundball, 6MD) (infield hit)
Shi-young Chang to third
Batting: RHB Bill McCarty 0-0: Ball
1-0: Fly out, F3 (Popup, 3L)
Bottom of the 3rd over - 0 run(s), 2 hit(s), 0 error(s), 2 left on base; Jersey City 2 - Pure Michigan 3
TOP OF THE 4TH
Jersey City Sun Caps batting - Pitching for Pure Michigan Great Lakers : RHP Jim Unknown
Batting: LHB Harlan Price 0-0: Ball
1-0: Ball
2-0: Ball
3-0: Called Strike
3-1: SINGLE (Line Drive, 78M)
Batting: SHB Dominique Prost 0-0: Fly out, F4 (Popup, 4)
Batting: RHB Christian O'Dell 0-0: Swinging Strike
0-1: Fly out, F9 (Flyball, 9M)
Batting: RHB Roy Williams 0-0: Ball
1-0: Reached on error, E4 (Groundball, 4)
Harlan Price to second
Batting: RHB Jonah Moody 0-0: Called Strike
0-1: SINGLE (Flyball, 6MD)
Harlan Price to third
Roy Williams to second
Runner from 3rd tries for Home, throw and OUT!
Top of the 4th over - 0 run(s), 2 hit(s), 1 error(s), 2 left on base; Jersey City 2 - Pure Michigan 3
BOTTOM OF THE 4TH
Pure Michigan Great Lakers batting - Pitching for Jersey City Sun Caps : RHP Andrew Hayes
Batting: RHB Greg Hart 0-0: Fly out, F6 (Popup, 6M)
Batting: RHB Paco Rodríguez 0-0: Ball
1-0: SINGLE (Groundball, 4M)
Batting: RHB Adrian Barr 0-0: Hit by Pitch
Paco Rodríguez to second
Batting: RHB Manny Hernández 0-0: Called Strike
0-1: Foul Ball, location: 2F
0-2: Ball
1-2: Strikes out swinging
Batting: RHB Henry Potts 0-0: Ball
1-0: Ground out 6-3 (Groundball, 6)
Bottom of the 4th over - 0 run(s), 1 hit(s), 0 error(s), 2 left on base; Jersey City 2 - Pure Michigan 3
TOP OF THE 5TH
Jersey City Sun Caps batting - Pitching for Pure Michigan Great Lakers : RHP Jim Unknown
Batting: LHB Marlon Randall 0-0: Called Strike
0-1: Ball
1-1: DOUBLE (Line Drive, 89D) - OUT at third base trying to stretch hit.
Batting: RHB Micheal Murdoch 0-0: Ball
1-0: Ball
2-0: Swinging Strike
2-1: Foul Ball, location: 2F
2-2: Foul Ball, location: 2F
2-2: Foul Ball, location: 2F
2-2: Foul Ball, location: 2F
2-2: Strikes out looking
Batting: RHB Eddy Baxter 0-0: Ground out 4-3 (Groundball, 34D)
Top of the 5th over - 0 run(s), 1 hit(s), 0 error(s), 0 left on base; Jersey City 2 - Pure Michigan 3
BOTTOM OF THE 5TH
Pure Michigan Great Lakers batting - Pitching for Jersey City Sun Caps : RHP Andrew Hayes
Batting: RHB Jason Shaffer 0-0: Ball
1-0: Swinging Strike
1-1: Swinging Strike
1-2: Foul Ball, location: 2F
1-2: Strikes out swinging
Batting: RHB Shi-young Chang 0-0: Ball
1-0: Ground out 6-3 (Groundball, 6M)
Batting: LHB Jesús Pérez 0-0: Ball
1-0: Ball
2-0: Ground out 3-1 (Groundball, 3)
Bottom of the 5th over - 0 run(s), 0 hit(s), 0 error(s), 0 left on base; Jersey City 2 - Pure Michigan 3
TOP OF THE 6TH
Jersey City Sun Caps batting - Pitching for Pure Michigan Great Lakers : RHP Jim Unknown
Batting: RHB Tony Quintana 0-0: Ball
1-0: Foul Ball, location: 2F
1-1: Foul Ball, location: 2F
1-2: Strikes out looking
Batting: LHB Harlan Price 0-0: Ball
1-0: Called Strike
1-1: Ball
2-1: Fly out, F8 (Flyball, 8RM)
Batting: SHB Dominique Prost 0-0: Ball
1-0: Fly out, F6 (Popup, 6S)
Top of the 6th over - 0 run(s), 0 hit(s), 0 error(s), 0 left on base; Jersey City 2 - Pure Michigan 3
BOTTOM OF THE 6TH
Pure Michigan Great Lakers batting - Pitching for Jersey City Sun Caps : RHP Andrew Hayes
Batting: RHB Bill McCarty 0-0: Ball
1-0: Ground out U3 (Groundball, 3L)
Batting: RHB Greg Hart 0-0: Ball
1-0: Ball
2-0: Ground out 2-3 (Groundball, 2R)
Batting: RHB Paco Rodríguez 0-0: Called Strike
0-1: SINGLE (Groundball, 34D)
Batting: RHB Adrian Barr 0-0: Ball
1-0: Fly out, F7 (Flyball, 7M)
Bottom of the 6th over - 0 run(s), 1 hit(s), 0 error(s), 1 left on base; Jersey City 2 - Pure Michigan 3
TOP OF THE 7TH
Jersey City Sun Caps batting - Pitching for Pure Michigan Great Lakers : RHP Jim Unknown
Batting: RHB Christian O'Dell 0-0: Ball
1-0: Called Strike
1-1: Ball
2-1: Foul Ball, location: 2F
2-2: Ball
3-2: Strikes out looking
Batting: RHB Roy Williams 0-0: Swinging Strike
0-1: Ball
1-1: Foul Ball, location: 2F
1-2: Ball
2-2: Foul Ball, location: 2F
2-2: Ball
3-2: Foul Ball, location: 2F
3-2: DOUBLE (Line Drive, 9LM)
Pitching: RHP Kenny DeBenham
Batting: RHB Jonah Moody 0-0: Ball
1-0: Ball
2-0: 2-RUN HOME RUN (Line Drive, 8LXD), Distance : 458 ft
Batting: LHB Marlon Randall 0-0: Ground out U3 (Groundball, 3S)
Batting: RHB Micheal Murdoch 0-0: Ball
1-0: Called Strike
1-1: Swinging Strike
1-2: Ball
2-2: Strikes out swinging
Top of the 7th over - 2 run(s), 2 hit(s), 0 error(s), 0 left on base; Jersey City 4 - Pure Michigan 3
BOTTOM OF THE 7TH
Pure Michigan Great Lakers batting - Pitching for Jersey City Sun Caps : RHP Andrew Hayes
Batting: RHB Manny Hernández 0-0: Called Strike
0-1: Ground out 6-3 (Groundball, 6)
Batting: RHB Henry Potts 0-0: Ground out 3-1 (Groundball, 3)
Batting: RHB Jason Shaffer 0-0: Ground out 6-3 (Groundball, 6M)
Bottom of the 7th over - 0 run(s), 0 hit(s), 0 error(s), 0 left on base; Jersey City 4 - Pure Michigan 3
TOP OF THE 8TH
Jersey City Sun Caps batting - Pitching for Pure Michigan Great Lakers : RHP Kenny DeBenham
Batting: RHB Eddy Baxter 0-0: Foul Ball, location: 2F
0-1: Ball
1-1: Foul Ball, location: 2F
1-2: Fly out, F7 (Flyball, 78M)
Batting: RHB Tony Quintana 0-0: Foul Ball, location: 2F
0-1: Foul Ball, location: 2F
0-2: Ball
1-2: Ball
2-2: Strikes out swinging
Batting: LHB Harlan Price 0-0: Ground out 4-3 (Groundball, 4M)
Top of the 8th over - 0 run(s), 0 hit(s), 0 error(s), 0 left on base; Jersey City 4 - Pure Michigan 3
BOTTOM OF THE 8TH
Pure Michigan Great Lakers batting - Pitching for Jersey City Sun Caps : RHP Andrew Hayes
Now at SS: Harry Reynolds
Now in RF: Anrrique Bolo
Batting: RHB Shi-young Chang 0-0: Called Strike
0-1: Ball
1-1: Ground out 5-3 (Groundball, 5S)
Batting: LHB Jesús Pérez 0-0: Ground out 3-1 (Groundball, 34)
Batting: RHB Bill McCarty 0-0: Ground out 4-3 (Groundball, 4)
Bottom of the 8th over - 0 run(s), 0 hit(s), 0 error(s), 0 left on base; Jersey City 4 - Pure Michigan 3
TOP OF THE 9TH
Jersey City Sun Caps batting - Pitching for Pure Michigan Great Lakers : RHP Kenny DeBenham
Pitching: LHP Jim Unknown
Batting: SHB Dominique Prost 0-0: Ball
1-0: Ground out 3-1 (Groundball, 34)
Batting: RHB Christian O'Dell 0-0: Ball
1-0: Called Strike
1-1: Ball
2-1: Ball
3-1: Base on Balls
Batting: RHB Roy Williams 0-0: Foul Ball, location: 2F
0-1: Called Strike
0-2: Ground out 5-3 (Groundball, 56S)
Christian O'Dell to second
Batting: RHB Jonah Moody 0-0: Foul Ball, location: 2F
0-1: SINGLE (Line Drive, 78M)
Christian O'Dell to third
Runner from 3rd tries for Home, throw and OUT!
Top of the 9th over - 0 run(s), 1 hit(s), 0 error(s), 1 left on base; Jersey City 4 - Pure Michigan 3
BOTTOM OF THE 9TH
Pure Michigan Great Lakers batting - Pitching for Jersey City Sun Caps : RHP Andrew Hayes
Pitching: RHP Carlos Guzmán
Now in LF: John Robertson
Batting: RHB Greg Hart 0-0: Ball
1-0: Ball
2-0: Ball
3-0: Base on Balls
Batting: RHB Paco Rodríguez 0-0: Sac Bunt - play at first, batter OUT! 5-4
Greg Hart to second
Pinch Hitting: RHB Eric D'Angle 0-0: Ball
1-0: Ball
2-0: Ball
3-0: Called Strike
3-1: Called Strike
3-2: Ground out 5-3 (Groundball, 5)
Batting: RHB Manny Hernández 0-0: Called Strike
0-1: Ball
1-1: Swinging Strike
1-2: Ball
2-2: Ball
3-2: Base on Balls
Batting: RHB Henry Potts 0-0: Called Strike
0-1: Foul Ball, location: 2F
0-2: Fly out, F9 (Flyball, 89S)
Bottom of the 9th over - 0 run(s), 0 hit(s), 0 error(s), 2 left on base; Jersey City 4 - Pure Michigan 3
This league is powered by Out of the Park Baseball, the baseball management simulation game for PC, Mac and Linux
Friday, April 15th, 2016 - OOTP Baseball 16.9 Build 39